 Dungeon Crawl Stone Soup version 0.22-a0-305-gd21a89c538 (webtiles) character file.

560377 competitivegamer the Slayer (level 25, 0/260 HPs)
             Began as a Minotaur Berserker on Mar 31, 2018.
             Was a High Priest of Trog.
             Succumbed to a golden dragon's poison gas
             ... on level 1 of the Realm of Zot.
             The game lasted 06:19:01 (72620 turns).

competitivegamer the Slayer (Minotaur Berserker)   Turns: 72620, Time: 06:19:02

Health: 0/260      AC: 30    Str: 26    XL:     25   Next: 32%
Magic:  7/7        EV: 30    Int:  4    God:    Trog [*****.]
Gold:   4941       SH: 29    Dex: 22    Spells: 24/24 levels left

rFire    + + +     SeeInvis .   a - +4 broad axe (antimagic)
rCold    + + .     Gourm    .   P - +0 large shield of Kleptomania {MR+}
rNeg     . . .     Faith    .   z - +7 Kryia's mail coat {PotionHeal*2 rC+}
rPois    +         Spirit   .   f - +2 hat
rElec    +         Reflect  +   J - scarf {repulsion}
rCorr    +         Harm     .   F - +0 pair of gloves
MR       +++++                  E - +1 pair of boots
Stlth    +.........             g - +3 amulet of reflection
HPRegen  1.53/turn              R - ring of Due Proportion {rF++ AC+3 Dex+4}
MPRegen  0.10/turn              N - ring "Gyqun" {+Fly rPois}

@: lethally poisoned (0 -> -7), resistant, berserk cooldown, starving,
regenerating, slowed, repel missiles, very slow
A: retaliatory headbutt, horns 2, rugged brown scales 1, deterioration 1, magic
resistance 1, sturdy frame 1
}: 3/15 runes: serpentine, barnacled, silver
a: Berserk, Trog's Hand, Brothers in Arms, Renounce Religion, Evoke Flight


You were on level 1 of the Realm of Zot.
You worshipped Trog.
Trog was extremely pleased with you.
You were starving.

You visited 9 branches of the dungeon, and saw 45 of its levels.
You visited the Abyss 1 time.
You also visited: Trove, Ice Cave and Wizlab.

You collected 6513 gold pieces.
You spent 1572 gold pieces at shops.

Inventory:

Hand Weapons
 a - a +4 antimagic broad axe (weapon)
 b - a +0 flail of freezing
 p - a +1 broad axe of venom
Armour
 f - a +2 hat (worn)
 z - the +7 Kryia's mail coat (worn) {PotionHeal*2 rC+}
   (You found it on level 3 of the Elven Halls)

   It protects you from cold.
 E - a +1 pair of boots (worn)
 F - a +0 pair of gloves (worn)
 J - a scarf of repulsion (worn)
 P - the +0 large shield of Kleptomania (worn) {MR+}
   (You found it on level 14 of the Dungeon)

   It affects your resistance to hostile enchantments.
Jewellery
 g - a +3 amulet of reflection (around neck)
 j - an uncursed ring of fire
 m - a +6 ring of protection
 v - an uncursed ring of see invisible
 y - an uncursed ring of protection from magic
 A - an uncursed ring of protection from magic
 N - the ring "Gyqun" (right hand) {+Fly rPois}
   (You found it in a treasure trove)

   [ring of flight]

   It protects you from poison.
   It lets you fly.
 R - the ring of Due Proportion (left hand) {rF++ AC+3 Dex+4}
   (You found it in a treasure trove)

   [ring of protection]

   It affects your AC (+3).
   It affects your dexterity (+4).
   It greatly protects you from fire.
 U - a +5 ring of evasion
 V - an uncursed ring of protection from magic
 W - the ring "Imyec" {rElec rC+ rN+ Str-3 Dex+2}
   (You found it in a treasure trove)

   [ring of positive energy]

   It affects your strength (-3).
   It affects your dexterity (+2).
   It protects you from cold.
   It insulates you from electricity.
   It protects you from negative energy.
 X - the amulet of Geawobo {Spirit Str+3 Dex+3}
   (You found it in a treasure trove)

   [amulet of guardian spirit]

   It causes incoming damage to be split between your health and magic.
   It affects your strength (+3).
   It affects your dexterity (+3).
Scrolls
 d - a scroll of silence
 i - 6 scrolls of summoning
 k - 8 scrolls of fear
 l - 5 scrolls of magic mapping
 n - 20 scrolls of teleportation
 o - 4 scrolls of fog
 r - 9 scrolls of remove curse
 s - 5 scrolls of identify
 C - 2 scrolls of blinking
 D - 2 scrolls of immolation
 L - 5 scrolls of holy word
Potions
 e - 4 potions of brilliance
 q - 10 potions of agility
 t - 2 potions of ambrosia {unknown}
 u - 4 potions of lignification {unknown}
 w - 2 potions of cancellation
 B - 3 potions of haste
 G - 2 potions of invisibility
 I - 3 potions of berserk rage
 K - a potion of resistance
 M - 2 potions of flight
 O - 16 potions of mutation
 Z - 3 potions of might
Miscellaneous
 x - a phial of floods
Comestibles
 c - 52 rations


   Skills:
 * Level 26.1 Fighting
 - Level 18.0 Axes
 + Level 23.2 Armour
 + Level 21.8 Dodging
 - Level 0.2 Stealth
 + Level 24.0 Shields


You had 24 spell levels left.
You didn't know any spells.

Dungeon Overview and Level Annotations

Branches:
Dungeon (15/15)            Temple (0/1) D:5            Lair (6/6) D:10
 Shoals (4/4) Lair:2        Snake (4/4) Lair:4        Slime (0/5) Lair:5
    Orc (2/2) D:12            Elf (3/3) Orc:2        Vaults (5/5) D:13
  Crypt (0/3) Vaults:3     Depths (5/5) D:15            Zot (1/5) Depths:5

Altars:
Ashenzari
Cheibriados
Dithmenos
Elyvilon
Gozag
Kikubaaqudgha
Okawaru
Ru
Trog
Vehumet
Xom
The Shining One
Beogh
Lugonu

Shops:
D:6 ?   D:12 [   Orc:2 [(%=   Elf:2 !   Snake:2 :%   Snake:4 %:(!   Depths:1 :
Depths:2 ((}[

Portals:
Hell: Depths:1 Depths:2 Depths:3 Depths:4 Depths:5
Abyss: Depths:1 Depths:2 Depths:3 Depths:4 Depths:5
Pandemonium: Depths:1 Depths:3
Ziggurat: Depths:4


Innate Abilities, Weirdness & Mutations

You reflexively headbutt those who attack you in melee.
You have a pair of horns on your head.
You are partially covered in rugged brown scales. (AC +1, +3% HP)
Your body sometimes deteriorates upon taking damage.
You are resistant to hostile enchantments. (MR+)
Your movements are slightly less encumbered by armour. (ER -2)


Message History

You feel very sick.
The moth of wrath bites your iron troll but does no damage.
Your deep troll bites the curse toe!
The curse toe is destroyed!
Trog accepts your kill.
The wandering mushroom disappears in a puff of smoke! x4
Your life force feels restored.
You block the golden dragon's attack. x2
The golden dragon completely misses you.
Your iron troll bites the moth of wrath!!
The moth of wrath dies!
Trog accepts your kill.
Your deep troll bites the golden dragon!!
The golden dragon dies!
Trog accepts your kill.
The gold dragon scales are intact enough to wear.
A moth of wrath comes into view.
Okay, then.
Okay, then.
You die...

..... ### #....
..#..##.####...[.
...........#....
..............#
.......†###...#
........§...§.##
........(.T[..(#
...y..T..§.§.§#
.......∩.@.#....#
........####
....( ........#
.... .........
... ........# ..
........# .
..##..... ..
......


You could see a moth of wrath, a friendly iron troll (berserk) and a friendly
deep troll (berserk).

Vanquished Creatures
  An ancient lich (Vaults:5)
  Margery (Depths:5)
  Saint Roka (Snake:4)
  Xtahua (Vaults:4)
  A caustic shrike (Depths:4)
  2 golden dragons
  A mutant beast (WizLab)
  A bone dragon (Vaults:3)
  6 liches
  8 tentacled monstrosities
  Asterion (Snake:4)
  A deep elf blademaster (Elf:2)
  2 deep elf master archers (Elf:3)
  5 krakens
  3 titans
  2 sphinxes
  5 storm dragons
  9 shadow dragons
  6 tengu reavers
  Donald (Snake:2)
  Ilsuiw (Shoals:4)
  8 nagarajas
  9 fire giants
  12 frost giants
  A fire giant (shapeshifter) (Vaults:5)
  6 deep elf sorcerers
  13 vault wardens
  2 iron dragons (Depths:4)
  Aizul (Snake:3)
  An orc warlord (Orc:2)
  Louise (Depths:5)
  3 deep elf elementalists (Elf:3)
  A juggernaut zombie (Depths:1)
  2 draconian stormcallers (Depths:5)
  14 ironheart preservers
  A cacodemon (Depths:3)
  2 entropy weavers (Lair:4)
  A war gargoyle (Vaults:5)
  2 spriggan defenders (Depths:4)
  2 green draconians (Depths:5)
  A black draconian (Depths:5)
  6 deep elf demonologists
  4 vampire knights
  16 stone giants
  17 very ugly things
  A purple draconian (Depths:5)
  16 deep elf annihilators
  5 spark wasps
  15 ettins
  5 merfolk javelineers
  7 merfolk impalers
  9 deep elf death magi
  A crystal guardian (Vaults:2)
  3 jiangshi (Depths:5)
  35 vault guards
  15 fire dragons
  Erolcha (D:10)
  16 yaktaur captains
  Fannar (Orc:1)
  5 deep elf high priests
  8 great orbs of eyes
  7 hydras
  18 naga warriors
  A spriggan air mage (Depths:2)
  2 merfolk avatars
  14 ice dragons
  3 rakshasas
  A monstrous demonspawn (Depths:3)
  9 anacondas
  4 catoblepae
  An alligator snapping turtle (Shoals:1)
  A death knight (Vaults:3)
  A satyr (Shoals:4)
  13 centaur warriors
  Erica (D:9)
  8 tengu warriors
  6 merfolk aquamancers
  Urug (D:14)
  40 two-headed ogres
  7 deep troll shamans
  23 dancing weapons
  9 naga sharpshooters
  A queen ant (Lair:4)
  2 vampire magi
  12 ogre magi
  7 spriggan berserkers
  6 death yaks
  12 deep troll earth magi
  A thrashing horror (Shoals:4)
  A shock serpent (shapeshifter) (WizLab)
  An orc high priest (Orc:2)
  An iron golem (WizLab)
  4 hell knights (Depths:5)
  8 shock serpents
  A storm dragon zombie (Vaults:4)
  13 deep elf knights
  A titan skeleton (Depths:2)
  Nergalle (D:10)
  A fire crab (shapeshifter) (Depths:2)
  A sixfirhy (Depths:3)
  A skeletal warrior (Vaults:1)
  5 iron trolls
  2 salamander mystics
  17 deep trolls
  5 unseen horrors
  3 glowing orange brains
  2 flayed ghosts
  2 sea snakes (shapeshifter) (WizLab)
  8 sea snakes
  2 unseen horrors (shapeshifter)
  A gelid demonspawn (Depths:3)
  10 deep elf archers
  A swamp dragon (Lair:6)
  5 naga ritualists
  4 wizards
  6 necromancers
  5 phantasmal warriors
  16 orc knights
  40 harpies
  2 sphinx zombies (Depths:2)
  A lindwurm (Lair:6)
  8 ironbrand convokers
  A frost giant zombie (Depths:1)
  An iron dragon zombie (Depths:2)
  An orb spider (shapeshifter) (WizLab)
  2 fauns
  A shadow dragon skeleton (Vaults:5)
  47 ugly things
  10 mana vipers
  8 wolf spiders
  10 large abominations
  9 manticores
  A fire giant zombie (Vaults:5)
  2 orc sorcerers
  8 salamanders
  A moth of wrath (Zot:1)
  63 deep elf magi
  5 oklob plants
  3 salamanders (shapeshifter)
  6 cyclopes
  A cyclops (shapeshifter) (WizLab)
  3 elephants (Lair:3)
  5 centaur zombies
  A moth of wrath (shapeshifter) (Depths:3)
  12 merfolk sirens
  A stone giant skeleton (Depths:1)
  A faun (shapeshifter) (WizLab)
  A guardian serpent (Snake:2)
  9 vault sentinels
  18 black mambas
  A black mamba (shapeshifter) (WizLab)
  An ice statue (IceCv)
  20 naga magi
  4 water nymphs
  4 molten gargoyles (Elf:1)
  A torpor snail (Lair:6)
  5 gargoyles
  2 frost giant skeletons
  41 yaktaurs
  11 spiny frogs
  2 spiny frogs (shapeshifter)
  8 komodo dragons
  A rime drake (shapeshifter) (WizLab)
  3 tengu conjurers
  3 rime drakes (Lair:6)
  9 freezing wraiths
  A golden dragon simulacrum (Vaults:5)
  A yaktaur skeleton (Vaults:4)
  A spark wasp simulacrum (Depths:2)
  8 trolls
  A jumping spider (Vaults:5)
  3 meliai (shapeshifter)
  A wind drake (Shoals:1)
  26 merfolk
  A queen bee (shapeshifter) (WizLab)
  A queen bee (Lair:5)
  11 meliai
  26 polar bears
  2 hornets (shapeshifter)
  A polar bear (shapeshifter) (Vaults:3)
  6 hornets
  A troll (shapeshifter) (WizLab)
  A shadow dragon simulacrum (Vaults:5)
  A dream sheep (shapeshifter) (WizLab)
  A jumping spider (shapeshifter) (Elf:2)
  A blink frog (shapeshifter) (WizLab)
  A raiju (shapeshifter) (WizLab)
  20 blink frogs
  A hippogriff (shapeshifter) (WizLab)
  4 snapping turtles
  2 spriggan zombies (Depths:2)
  35 slime creatures
  15 dream sheep
  3 wind drakes (shapeshifter)
  15 hippogriffs
  2 air elementals
  A redback (Vaults:5)
  A frost giant simulacrum (Vaults:4)
  A fire giant simulacrum (Vaults:4)
  A redback (shapeshifter) (WizLab)
  3 spriggans
  2 spriggans (shapeshifter)
  2 tarantellas (Vaults:5)
  A wyvern (D:9)
  2 shadows (D:14)
  A ynoxinul (Depths:3)
  4 wraiths
  2 basilisks (shapeshifter)
  3 hogs (D:7)
  2 humans
  20 water elementals
  43 yaks
  A chaos spawn (Abyss:3)
  2 fire bats (Elf:1)
  2 steam dragons (Lair:6)
  7 basilisks
  2 hungry ghosts
  5 fire elementals
  A golden eye (shapeshifter) (WizLab)
  A hog (shapeshifter) (Vaults:3)
  8 vampire mosquitoes
  A human simulacrum (Vaults:1)
  4 wargs
  12 soldier ants
  2 acid dragons
  A human zombie (Depths:2)
  A soldier ant (shapeshifter) (WizLab)
  61 nagas
  24 water moccasins
  A floating eye (shapeshifter) (WizLab)
  4 floating eyes (WizLab)
  6 porcupines
  3 swamp drakes
  53 orc warriors
  3 necrophages
  3 sky beasts
  5 ice beasts
  6 phantoms
  24 boggarts
  50 ogres
  22 centaurs
  A tengu (shapeshifter) (WizLab)
  A centaur (shapeshifter) (Vaults:2)
  34 wolves
  12 crocodiles
  A big kobold (D:14)
  6 small abominations (WizLab)
  17 bullfrogs
  A water moccasin zombie (D:10)
  4 scorpions
  A tengu zombie (Depths:1)
  23 killer bees
  17 wights
  2 howler monkeys
  An electric eel (D:11)
  13 crimson imps
  23 jellies
  6 hounds
  A bullfrog skeleton (D:5)
  2 bullfrog zombies
  3 centaur skeletons
  A gnoll shaman (D:5)
  26 orc priests
  36 orc wizards
  An iron imp (D:6)
  Terence (D:2)
  28 worker ants
  4 iguanas
  A hound zombie (D:11)
  A hound skeleton (D:8)
  3 worker ant zombies
  2 howler monkey skeletons
  8 gnolls
  28 adders
  3 shadow imps
  15 white imps
  15 oozes
  An adder zombie (D:9)
  3 worms
  2 dart slugs (D:2)
  9 leopard geckos
  140 orcs
  2 ball pythons
  3 giant cockroaches
  10 goblins
  5 hobgoblins
  21 jackals
  3 quokkas
  4 bats
  10 frilled lizards
  12 kobolds
  A quokka zombie (D:7)
  5 rats
  2 crawling corpses (Depths:4)
  2 fungi (Lair:2)
  31 plants
  12 tentacles
2282 creatures vanquished.

Vanquished Creatures (collateral kills)
  A curse toe (Zot:1)
  A golden dragon (Zot:1)
  2 tentacled monstrosities (Vaults:5)
  A deep elf blademaster (Elf:3)
  A quicksilver dragon (Vaults:5)
  2 sphinxes (Vaults:5)
  A death cob (Zot:1)
  3 tengu reavers (Vaults:5)
  2 shadow dragons
  A storm dragon (Vaults:5)
  A frost giant (Depths:2)
  2 vault wardens (Vaults:5)
  2 fire giants (Depths:2)
  A deep elf elementalist (Elf:3)
  A spriggan defender (Depths:3)
  A very ugly thing (Vaults:5)
  2 war gargoyles (Vaults:5)
  An ironheart preserver (Vaults:5)
  An entropy weaver (Vaults:5)
  A fire dragon (Depths:2)
  A spriggan air mage (Depths:3)
  An ogre mage (Depths:3)
  A two-headed ogre (Depths:3)
  A death knight (Vaults:1)
  A deep troll shaman (Vaults:5)
  An orc high priest (Vaults:1)
  A spriggan berserker (Depths:5)
  5 hell knights (Vaults:5)
  2 iron trolls (Depths:5)
  4 skeletal warriors (Vaults:1)
  2 deep trolls (Vaults:5)
  An ironbrand convoker (Vaults:5)
  A glowing orange brain (Vaults:5)
  8 orc knights
  3 deep elf magi
  A vault sentinel (Vaults:5)
  A moth of wrath (Zot:1)
  2 yaktaurs (Vaults:5)
  2 freezing wraiths
  A hornet (Depths:3)
  5 slime creatures (Vaults:1)
  A spriggan (Depths:3)
  A black bear (shapeshifter) (Depths:3)
  8 orc warriors
  3 orc priests (Vaults:1)
  5 orcs (Vaults:1)
91 creatures vanquished.

Vanquished Creatures (others)
  Vashnia (Snake:4)
  2 vault wardens
  3 stone giants
  A merfolk javelineer (Shoals:2)
  A yaktaur captain (Depths:5)
  A centaur warrior (Vaults:4)
  A satyr (Shoals:4)
  A deep elf knight (Elf:2)
  3 naga sharpshooters
  A glowing orange brain (Vaults:4)
  4 deep elf archers
  A deep elf mage (Vaults:3)
  A cyclops (Vaults:2)
  A faun (Shoals:2)
  2 vault sentinels
  A naga mage (Snake:4)
  19 yaktaurs
  A komodo dragon (Lair:6)
  2 yaks (IceCv)
  A naga (Snake:4)
  An ogre (Depths:3)
  A boggart (Vaults:2)
  10 fungi
  A lurking horror (Abyss:3)
  10 plants
  2 starspawn tentacles (Abyss:3)
  31 tentacles
104 creatures vanquished.

Grand Total: 2477 creatures vanquished

Notes
Turn   | Place    | Note
-------+----------+-------------------------------------------
     0 | D:1      | competitivegamer the Minotaur Berserker began the quest for the Orb.
     0 | D:1      | Reached XP level 1. HP: 19/19 MP: 0/0
   428 | D:1      | Reached XP level 2. HP: 27/27 MP: 1/1
   915 | D:1      | Reached skill level 1 in Shields
   922 | D:1      | Reached XP level 3. HP: 33/33 MP: 2/2
  1195 | D:2      | Reached skill level 4 in Fighting
  1323 | D:2      | Reached ** piety under Trog
  1538 | D:2      | Found an iron altar of Okawaru.
  1540 | D:2      | Found a bloodstained altar of Trog.
  1540 | D:2      | Found an ornate altar of the Wu Jian Council.
  1542 | D:2      | Found a shimmering altar of Xom.
  1542 | D:2      | Found a shimmering altar of Xom.
  1542 | D:2      | Found a white marble altar of Elyvilon.
  1647 | D:2      | Reached XP level 4. HP: 34/40 MP: 3/3
  1996 | D:2      | Found a bloodstained altar of Trog.
  2024 | D:2      | Noticed Terence
  2037 | D:2      | Killed Terence
  2037 | D:2      | Reached skill level 5 in Axes
  2193 | D:2      | Reached XP level 5. HP: 40/47 MP: 4/4
  3032 | D:3      | Reached *** piety under Trog
  3239 | D:3      | Reached XP level 6. HP: 53/53 MP: 5/5
  3663 | D:4      | Found a radiant altar of Vehumet.
  3889 | D:5      | Entered Level 5 of the Dungeon
  3912 | D:5      | Reached skill level 5 in Fighting
  3917 | D:5      | Reached XP level 7. HP: 61/61 MP: 6/6
  4132 | D:5      | Reached skill level 5 in Shields
  4449 | D:5      | Reached **** piety under Trog
  4729 | D:5      | Found a staircase to the Ecumenical Temple.
  4850 | D:6      | Reached XP level 8. HP: 23/69 MP: 7/7
  5114 | D:6      | Found a shadowy altar of Dithmenos.
  5404 | D:6      | Found Inu Belu's Magic Scroll Boutique.
  5414 | D:6      | Bought a scroll of identify for 28 gold pieces
  5414 | D:6      | Bought a scroll of identify for 28 gold pieces
  5414 | D:6      | Bought a scroll of blinking for 105 gold pieces
  5423 | D:6      | Found a snail-covered altar of Cheibriados.
  5447 | D:6      | Found a shadowy altar of Dithmenos.
  5451 | D:6      | Found an ancient bone altar of Kikubaaqudgha.
  5708 | D:7      | Reached skill level 6 in Fighting
  5778 | D:7      | Reached skill level 5 in Armour
  6034 | D:7      | Reached skill level 5 in Dodging
  6280 | D:7      | Reached XP level 9. HP: 78/78 MP: 8/8
  6547 | D:7      | Found a shattered altar of Ashenzari.
  6627 | D:7      | Found an opulent altar of Gozag.
  7464 | D:8      | Found a sacrificial altar of Ru.
  7466 | D:8      | Reached skill level 7 in Fighting
  8073 | D:9      | Reached skill level 10 in Axes
  8073 | D:9      | Reached XP level 10. HP: 80/86 MP: 3/9
  8098 | D:9      | Reached ***** piety under Trog
  8489 | D:9      | Noticed Erica
  8547 | D:9      | Reached skill level 8 in Fighting
  8635 | D:9      | Reached skill level 10 in Shields
  8643 | D:9      | Killed Erica
  8853 | D:9      | Received a gift from Trog
  9034 | D:9      | Found a glowing golden altar of the Shining One.
  9146 | D:9      | Reached XP level 11. HP: 90/94 MP: 3/10
  9580 | D:10     | Entered Level 10 of the Dungeon
  9662 | D:10     | Noticed Nergalle
  9663 | D:10     | Found a runed door.
  9672 | D:10     | Killed Nergalle
  9957 | D:10     | Noticed Erolcha
  9964 | D:10     | Killed Erolcha
 10203 | D:10     | Reached skill level 9 in Fighting
 10230 | D:10     | Noticed a two-headed ogre
 10246 | D:10     | Killed a two-headed ogre
 10411 | D:10     | Found a staircase to the Lair.
 10554 | D:10     | Noticed an eight-headed hydra
 10568 | D:10     | Killed an eight-headed hydra
 11210 | D:11     | Received a gift from Trog
 11745 | D:11     | Noticed a two-headed ogre
 11751 | D:11     | Killed a two-headed ogre
 12391 | D:11     | Found a portal to a secret trove of treasure.
 12568 | D:11     | You paid a toll of a +5 demon trident to enter a treasure trove
 12569 | Trove    | Entered a treasure trove
 12588 | Trove    | Got a twitching bone amulet
 12590 | Trove    | Got a glittering lapis lazuli ring
 12592 | Trove    | Got a glittering pewter ring
 12594 | Trove    | Got a scorched bone ring
 12602 | Trove    | Got a fine golden ring
 12606 | Trove    | Got an ancient iron amulet
 12612 | Trove    | Got a wavering steel ring
 12615 | Trove    | Got a slimy emerald amulet
 12627 | Trove    | Identified the amulet of Salvation {Acrobat -Tele +Inv Str+3} (You found it in a treasure trove)
 12665 | Trove    | Identified the amulet "Kicar Xus" {+Rage rPois Str+3} (You found it in a treasure trove)
 12670 | Trove    | Identified the amulet of Geawobo {Spirit Str+3 Dex+3} (You found it in a treasure trove)
 12672 | Trove    | Identified the ring "Secyaxoh" {*Corrode rC+ Dex+4} (You found it in a treasure trove)
 12681 | Trove    | Identified the ring "Maetir" {-Tele Int+3 Dex+6} (You found it in a treasure trove)
 12687 | Trove    | Identified the ring "Gyqun" {+Fly rPois} (You found it in a treasure trove)
 12693 | Trove    | Identified the ring of Due Proportion {rF++ AC+3 Dex+4} (You found it in a treasure trove)
 12702 | Trove    | Identified the ring "Imyec" {rElec rC+ rN+ Str-3 Dex+2} (You found it in a treasure trove)
 12737 | D:11     | Noticed a purple ugly thing
 12759 | D:11     | Killed a purple ugly thing
 12759 | D:11     | Reached XP level 12. HP: 76/105 MP: 3/11
 13520 | D:12     | Found Tuqev's Armour Emporium.
 13525 | D:12     | Bought a +0 pair of boots for 63 gold pieces
 13858 | D:12     | Found a staircase to the Orcish Mines.
 13889 | D:12     | Reached skill level 10 in Fighting
 14339 | D:13     | Noticed a centaur warrior
 14351 | D:13     | Killed a centaur warrior
 14427 | D:13     | Noticed a two-headed ogre
 14437 | D:13     | Killed a two-headed ogre
 14699 | D:13     | Noticed a centaur warrior
 14719 | D:13     | Killed a centaur warrior
 14719 | D:13     | Reached skill level 10 in Armour
 15085 | D:13     | Noticed a centaur warrior
 15085 | D:13     | Noticed a tengu warrior
 15093 | D:13     | Noticed a centaur warrior
 15097 | D:13     | Killed a centaur warrior
 15100 | D:13     | Killed a tengu warrior
 15107 | D:13     | Killed a centaur warrior
 15115 | D:13     | Noticed a vault guard
 15311 | D:13     | Noticed a vault guard
 15566 | D:13     | Killed a vault guard
 15566 | D:13     | Reached skill level 11 in Fighting
 15566 | D:13     | Reached skill level 10 in Dodging
 15589 | D:13     | Noticed a vault guard
 15610 | D:13     | Killed a vault guard
 15668 | D:13     | Found a gate to the Vaults.
 15668 | D:13     | Noticed a vault guard
 15675 | D:13     | Killed a vault guard
 15675 | D:13     | Reached XP level 13. HP: 116/116 MP: 12/12
 16363 | D:14     | Noticed Urug
 16377 | D:14     | Killed Urug
 16580 | D:14     | Noticed an ettin
 17100 | D:14     | Reached skill level 12 in Fighting
 17145 | D:14     | Killed an ettin
 17228 | D:14     | Got a transparent golden ring
 17305 | D:14     | Received a gift from Trog
 17907 | D:14     | Got a polished large shield
 17919 | D:14     | Identified the +0 large shield of Kleptomania {MR+} (You found it on level 14 of the Dungeon)
 18032 | D:14     | Reached XP level 14. HP: 82/127 MP: 4/13
 18295 | D:15     | Entered Level 15 of the Dungeon
 18306 | D:15     | Found a staircase to the Depths.
 18306 | D:15     | Noticed a fire giant
 18884 | D:15     | Killed a fire giant
 19531 | Lair:1   | Entered Level 1 of the Lair of Beasts
 20206 | Lair:2   | Reached skill level 15 in Axes
 20240 | Lair:2   | Found a staircase to the Shoals.
 20251 | Lair:2   | Reached skill level 13 in Fighting
 20421 | Lair:2   | Identified the ring of Circularity {rPois rN+ Int-3 Dex+3} (You took it off a centaur warrior on level 14 of the Dungeon)
 20622 | Lair:2   | Received a gift from Trog
 21459 | Lair:3   | Received a gift from Trog
 22215 | Lair:4   | Noticed an entropy weaver
 22215 | Lair:4   | Noticed an entropy weaver
 22234 | Lair:4   | Killed an entropy weaver
 22234 | Lair:4   | Reached skill level 15 in Shields
 22234 | Lair:4   | Killed an entropy weaver
 22677 | Lair:4   | Found a staircase to the Snake Pit.
 22853 | Lair:4   | Reached XP level 15. HP: 136/136 MP: 4/14
 23302 | Lair:5   | Reached ****** piety under Trog
 23683 | Lair:5   | Received a gift from Trog
 23980 | Lair:5   | Found a staircase to the Slime Pits.
 24476 | Lair:6   | Entered Level 6 of the Lair of Beasts
 24492 | Lair:6   | Reached skill level 14 in Fighting
 24539 | Lair:6   | Found a frozen archway.
 24549 | Lair:6   | Received a gift from Trog
 24557 | IceCv    | Entered an ice cave
 25230 | IceCv    | Noticed a frost giant
 25248 | IceCv    | Killed a frost giant
 26421 | Lair:6   | Received a gift from Trog
 26651 | Lair:6   | Gained mutation: You are weak. (Str -2) [the power of Zot]
 26651 | Lair:6   | Gained mutation: You tend to lose your temper in combat. [the power of Zot]
 27831 | Lair:6   | Reached XP level 16. HP: 135/147 MP: 5/15
 28285 | Snake:1  | Entered Level 1 of the Snake Pit
 28891 | Snake:1  | Identified a scroll of acquirement
 29600 | Snake:2  | Found Dumaeck's Food Boutique.
 29640 | Snake:2  | Found Lone's Book Shoppe.
 29690 | Snake:2  | Noticed Donald
 29710 | Snake:2  | Killed Donald
 29710 | Snake:2  | Reached skill level 15 in Fighting
 30503 | Snake:2  | Received a gift from Trog
 30589 | Snake:2  | Reached skill level 15 in Armour
 31907 | Snake:3  | Lost mutation: You tend to lose your temper in combat. [potion of mutation]
 31907 | Snake:3  | Lost mutation: You are weak. (Str -2) [potion of mutation]
 31907 | Snake:3  | Gained mutation: You are partially covered in rugged brown scales. (AC +1, +3% HP) [potion of mutation]
 31907 | Snake:3  | Gained mutation: Your mind is acute. (Int +2) [potion of mutation]
 32010 | Snake:3  | Noticed Aizul
 32034 | Snake:3  | Killed Aizul
 32594 | Snake:3  | Got a brightly glowing marble ring
 33527 | Snake:4  | Entered Level 4 of the Snake Pit
 33527 | Snake:4  | Noticed Saint Roka
 33548 | Snake:4  | Killed Saint Roka
 33553 | Snake:4  | Reached XP level 17. HP: 161/161 MP: 5/16
 33557 | Snake:4  | Received a gift from Trog
 33909 | Snake:4  | Found Weifyrol's Food Shoppe.
 33941 | Snake:4  | Got a translucent jade ring
 34041 | Snake:4  | Noticed Asterion
 34064 | Snake:4  | Killed Asterion
 34250 | Snake:4  | Reached skill level 16 in Fighting
 34766 | Snake:4  | Received a gift from Trog
 34863 | Snake:4  | Noticed Vashnia
 34876 | Snake:4  | Reached skill level 15 in Dodging
 34903 | Snake:4  | Killed Vashnia
 35119 | Snake:4  | Got a serpentine rune of Zot
 35214 | Snake:4  | Found Dusar's Book Shop.
 35615 | Snake:4  | Found Puireh's Weapon Shop.
 35686 | Snake:4  | Found Epeateux's Distillery.
 35708 | Snake:4  | Bought a potion of curing for 48 gold pieces
 35708 | Snake:4  | Bought a potion of might for 64 gold pieces
 35708 | Snake:4  | Bought a potion of curing for 48 gold pieces
 35708 | Snake:4  | Bought 2 potions of curing for 96 gold pieces
 35928 | Snake:4  | Found an iron altar of Okawaru.
 36118 | Shoals:1 | Entered Level 1 of the Shoals
 36499 | Shoals:1 | Received a gift from Trog
 37016 | Shoals:1 | Noticed a kraken
 37033 | Shoals:1 | Killed a kraken
 37775 | Shoals:1 | Identified the ring "Yrriusem" {+Inv Int+6 Dex+2 SInv Stlth-} (You found it on level 4 of the Snake Pit)
 37777 | Shoals:1 | Identified the ring "Obakein" {Fire SInv} (You took it off a naga mage on level 3 of the Snake Pit)
 38179 | Shoals:2 | Reached XP level 18. HP: 173/173 MP: 5/17
 38973 | Shoals:2 | Reached skill level 17 in Fighting
 39479 | Shoals:4 | Entered Level 4 of the Shoals
 39503 | Shoals:4 | Cast into level 3 of the Abyss (a Zot trap)
 39548 | Abyss:3  | Gained mutation: You do not regenerate when monsters are visible. [a neqoxec]
 39639 | Abyss:3  | Found a corrupted altar of Lugonu.
 39646 | Abyss:3  | Found a shadowy altar of Dithmenos.
 39695 | Shoals:4 | Escaped the Abyss
 40631 | Shoals:4 | Noticed Ilsuiw
 40644 | Shoals:4 | Received a gift from Trog
 40691 | Shoals:4 | Killed Ilsuiw
 41836 | Shoals:4 | Got a barnacled rune of Zot
 42678 | Orc:1    | Entered Level 1 of the Orcish Mines
 42820 | Orc:1    | Noticed Fannar
 42834 | Orc:1    | Killed Fannar
 43495 | Orc:1    | Received a gift from Trog
 43828 | Orc:2    | Entered Level 2 of the Orcish Mines
 44049 | Orc:2    | Found a roughly hewn altar of Beogh.
 44050 | Orc:2    | Found Daroj's Jewellery Boutique.
 44128 | Orc:2    | Found a staircase to the Elven Halls.
 44222 | Orc:2    | Found a roughly hewn altar of Beogh.
 44223 | Orc:2    | Found Kalyo's Food Shop.
 44344 | Orc:2    | Found a roughly hewn altar of Beogh.
 44386 | Orc:2    | Found a roughly hewn altar of Beogh.
 44633 | Orc:2    | Found Iplicrysh's Antique Armour Boutique.
 44837 | Orc:2    | Found a roughly hewn altar of Beogh.
 44849 | Orc:2    | Found Qois's Antique Weapon Shop.
 44968 | Orc:2    | Found a roughly hewn altar of Beogh.
 45090 | Vaults:1 | Entered Level 1 of the Vaults
 45357 | Vaults:1 | Received a gift from Trog
 45601 | Vaults:1 | Reached XP level 19. HP: 184/184 MP: 6/18
 45704 | Vaults:1 | Reached skill level 18 in Fighting
 46212 | Vaults:1 | Received a gift from Trog
 47938 | Vaults:2 | Received a gift from Trog
 49615 | Vaults:3 | Received a gift from Trog
 49887 | Vaults:3 | Reached skill level 19 in Fighting
 49887 | Vaults:3 | Reached XP level 20. HP: 190/196 MP: 6/19
 50295 | Vaults:3 | Noticed a bone dragon
 50314 | Vaults:3 | Killed a bone dragon
 50318 | Vaults:3 | Found a staircase to the Crypt.
 51138 | Vaults:3 | Received a gift from Trog
 51808 | Vaults:4 | Noticed Xtahua
 52265 | Vaults:4 | Killed Xtahua
 53441 | Vaults:4 | Received a gift from Trog
 53686 | Vaults:4 | Reached skill level 20 in Fighting
 53742 | Vaults:4 | Reached XP level 21. HP: 187/207 MP: 6/20
 54043 | Vaults:4 | Received a gift from Trog
 54261 | Vaults:5 | Entered Level 5 of the Vaults
 54291 | Vaults:5 | Noticed an ancient lich
 54408 | Vaults:5 | Got a silver rune of Zot
 54409 | Vaults:5 | Identified Sif Muna's Tome of Enchanting Transmutation
 54615 | Vaults:5 | Received a gift from Trog
 54857 | Vaults:5 | Reached skill level 21 in Fighting
 55066 | Vaults:5 | Got a shimmering marble ring
 55799 | Vaults:5 | Reached XP level 22. HP: 202/219 MP: 7/21
 55949 | Vaults:5 | Noticed a golden dragon
 55976 | Vaults:5 | Killed a golden dragon
 57211 | Vaults:5 | Killed an ancient lich
 57211 | Vaults:5 | Reached skill level 22 in Fighting
 58044 | Elf:1    | Entered Level 1 of the Elven Halls
 59321 | Elf:2    | Identified the ring of Fun {rPois Str-2 Int+6 Slay-5 SInv} (You took it off a deep elf mage on level 5 of the Vaults)
 59389 | Elf:2    | Found a runed gate.
 59389 | Elf:2    | Found a runed gate.
 59389 | Elf:2    | Found a runed gate.
 59460 | Elf:2    | Found Taose's Distillery.
 59473 | Elf:2    | Received a gift from Trog
 59490 | Elf:2    | Bought a potion of heal wounds for 70 gold pieces
 59490 | Elf:2    | Bought a potion of heal wounds for 70 gold pieces
 59490 | Elf:2    | Bought a potion of curing for 42 gold pieces
 60098 | Elf:3    | Entered Level 3 of the Elven Halls
 60626 | Elf:3    | Reached XP level 23. HP: 205/231 MP: 7/22
 60636 | Elf:3    | HP: 10/231 [deep elf high priest/divine providence (10)]
 60673 | Elf:3    | Reached skill level 23 in Fighting
 62061 | Elf:3    | Found the amulet of the Air {Inacc +Fly rElec EV+5 RMsl}
 62062 | Elf:3    | Identified the Incunabulum of the Cloudy Blaze
 62166 | Elf:3    | Found the +7 Kryia's mail coat {PotionHeal*2 rC+}
 62173 | Elf:3    | Identified the Collected Works on the Dusty Glacier
 62199 | Elf:3    | Got a fine scale mail
 62201 | Elf:3    | Identified the +1 scale mail of Dawn {+Blink} (You found it on level 3 of the Elven Halls)
 62513 | Depths:1 | Entered Level 1 of the Depths
 62541 | Depths:1 | Found Barerch's One-of-a-Kind Books.
 62548 | Depths:1 | Found a one-way gate leading to the halls of Pandemonium.
 62563 | Depths:1 | Found a magical portal.
 62572 | WizLab   | Entered Cigotuvi's Fleshworks
 62854 | WizLab   | Received a gift from Trog
 62860 | WizLab   | Gained mutation: You tend to lose your temper in combat. [mutagenic glow]
 62910 | WizLab   | Gained mutation: Scrolls take you a little longer to read. [mutagenic glow]
 62966 | WizLab   | Gained mutation: Scrolls take you longer to read. [mutagenic glow]
 63014 | WizLab   | Gained mutation: Armour fits poorly on your strangely shaped body. [mutagenic glow]
 63467 | WizLab   | Paralysed by a floating eye for 3 turns
 63471 | WizLab   | Paralysed by a floating eye for 4 turns
 63714 | WizLab   | Paralysed by a floating eye for 2 turns
 63721 | WizLab   | Paralysed by a floating eye for 3 turns
 63730 | WizLab   | Paralysed by a floating eye for 3 turns
 63963 | WizLab   | Got a scorched ivory ring
 63965 | WizLab   | Identified the ring of Oliong {rC+ Str+4 Dex-2 SInv} (You found it in a wizard's laboratory)
 64301 | Depths:1 | Received a gift from Trog
 65017 | Depths:1 | Found a corrupted altar of Lugonu.
 65019 | Depths:1 | Found a one-way gate to the infinite horrors of the Abyss.
 65068 | Depths:1 | Found a gateway to Hell.
 65651 | Depths:2 | Reached skill level 24 in Fighting
 65676 | Depths:2 | Found Urchef's Antique Weapon Shop.
 65678 | Depths:2 | Found Veiprism's Antique Weapon Boutique.
 65680 | Depths:2 | Found Sooh's Gadget Shop.
 65826 | Depths:2 | Received a gift from Trog
 65875 | Depths:2 | Lost mutation: Scrolls take you longer to read. [potion of mutation]
 65875 | Depths:2 | Lost mutation: Your mind is acute. (Int +2) [potion of mutation]
 65875 | Depths:2 | Lost mutation: You do not regenerate when monsters are visible. [potion of mutation]
 65875 | Depths:2 | Lost mutation: Scrolls take you a little longer to read. [potion of mutation]
 65875 | Depths:2 | Gained mutation: You are frail. (-10% HP) [potion of mutation]
 65875 | Depths:2 | Gained mutation: You are clumsy. (Dex -2) [potion of mutation]
 65875 | Depths:2 | Gained mutation: Your muscles are strong. (Str +2) [potion of mutation]
 65876 | Depths:2 | Lost mutation: You tend to lose your temper in combat. [potion of mutation]
 65876 | Depths:2 | Lost mutation: Your muscles are strong. (Str +2) [potion of mutation]
 65876 | Depths:2 | Lost mutation: You are clumsy. (Dex -2) [potion of mutation]
 65876 | Depths:2 | Lost mutation: Armour fits poorly on your strangely shaped body. [potion of mutation]
 65876 | Depths:2 | Gained mutation: You are surrounded by a mild repulsion field. (EV +2) [potion of mutation]
 65876 | Depths:2 | Gained mutation: You are resistant to hostile enchantments. (MR+) [potion of mutation]
 65877 | Depths:2 | Lost mutation: You are surrounded by a mild repulsion field. (EV +2) [potion of mutation]
 65877 | Depths:2 | Lost mutation: You are frail. (-10% HP) [potion of mutation]
 65877 | Depths:2 | Gained mutation: Your body sometimes deteriorates upon taking damage. [potion of mutation]
 65877 | Depths:2 | Gained mutation: Your movements are slightly less encumbered by armour. (ER -2) [potion of mutation]
 66054 | Depths:2 | Found Hemy's Antique Armour Emporium.
 66059 | Depths:2 | Bought a runed plate armour for 910 gold pieces
 66516 | Depths:2 | Got a sparkling copper ring
 66518 | Depths:2 | Identified the ring "Jaxkure" {rN+ Int+4} (You acquired it on level 2 of the Depths)
 66665 | Depths:2 | Reached XP level 24. HP: 78/246 MP: 7/22
 68959 | Depths:4 | Found a gateway to a ziggurat.
 69079 | Depths:4 | Reached skill level 25 in Fighting
 70027 | Depths:4 | Received a gift from Trog
 70490 | Depths:5 | Entered Level 5 of the Depths
 70852 | Depths:5 | Found a gate to the Realm of Zot.
 71289 | Depths:5 | Reached XP level 25. HP: 229/258 MP: 7/22
 71429 | Depths:5 | Noticed Louise
 71446 | Depths:5 | Killed Louise
 71589 | Depths:5 | Noticed Margery
 71608 | Depths:5 | Killed Margery
 71608 | Depths:5 | Received a gift from Trog
 71947 | Depths:5 | Reached skill level 26 in Fighting
 72584 | Zot:1    | Entered Level 1 of the Realm of Zot
 72617 | Zot:1    | HP: 5/260 [golden dragon (10)]
 72619 | Zot:1    | HP: 2/260 [poisoned by a golden dragon (poison gas)]
 72620 | Zot:1    | Succumbed to a golden dragon's poison gas

Vault maps used:
D:1:      dpeg_arrival_simpleton_b
D:2:      overflow_temple_1_default, doesnt_xom_only_xom, uniq_terence
D:3:      first_ration, serial_corexii_hall, corexii_hall_statues_u,
          corexii_hall_statues_u, serial_bayou_crossing
D:4:      vehumet_altar_wand_db, nicolae_overflow_hidden_temple
D:5:      minmay_temple_entry_statues_pillars
D:6:      lemuel_ice_spiral_2, minitemple, slow_altar_1, basic_altar,
          serial_shops, nicolae_shop_competitors_out_of_business
D:7:      lemuel_crystal_altar, grunt_gozag_statues, grunt_livestock
D:8:      old_standard_altar
D:9:      special_room, nicolae_tso_swordbearing_angel, uniq_erica
D:10:     lair_entry_dummy, minmay_st_funbox, uniq_nergalle, uniq_erolcha
D:11:     enter_trove_6, serial_ice, serial_ice_i, serial_ice_e, serial_ice_m,
          serial_ice_f
D:12:     orc_0_dummy, serial_shops, shop
D:13:     grunt_vaults_entry_fortified, grunt_ministairs_8
D:14:     minmay_heptahexagon, minivault_23, uniq_urug
D:15:     grunt_enter_depths_giant_problem
Lair:1:   grunt_megastairs_2, lemuel_fruit_fields
Lair:2:   elwin_shoals_entry_stream, serial_bayou_pond_c, beast_lair_carwin_3,
          lemuel_fruit_tree
Lair:4:   lemuel_reptile_caves, guppyfry_snake_entry_garden,
          minmay_another_anthill
Lair:5:   lemuel_slime, minmay_slime_entry_jelly_boxes, special_room,
          st_stairs_9, infiniplex_staircase_pool_2
Lair:6:   hangedman_lair_in_review, guppyfry_lair_end_dragon,
          portal_ice_cave_entry_imps, minmay_lair_oklob_chamber
Shoals:2: nicolae_shoals_kraken_party
Shoals:3: cheibrodos_shoals_three_sisters, hangedman_feature_mirror
Shoals:4: shoals_end_grunt_ice, shoals_ilsuiw_alternative
Snake:1:  basic_loot_grate_trap, st_stairs_12
Snake:2:  serial_shops, shop_fountains, shop, uniq_donald
Snake:3:  uniq_aizul
Snake:4:  minmay_snake_end_coiled, serial_shops, shop, nicolae_shop_crystal,
          shop_statue, shop_fountains, basic_altar, uniq_saint_roka,
          uniq_asterion, uniq_vashnia
Orc:1:    uniq_fannar
Orc:2:    grunt_orc_community_town_hall, grunt_orc_community_big_house_1,
          grunt_orc_community_big_house_1, grunt_orc_community_house_1,
          grunt_orc_community_house_1, grunt_orc_community_house_1,
          grunt_orc_community_house_1, grunt_orc_community_house_3
Elf:1:    eino_elf_arrival_customs, minmay_elf_annihilation, minivault_8
Elf:2:    serial_shops, nicolae_shop_window_shopping
Elf:3:    minmay_elf_hall_dome, eino_tiny_chamber, spider_trap,
          hangedman_decor_cross_pass
Vaults:1: nicolae_vaults_mini_display_case, ontoclasm_vaults_tryst, v_misc_1,
          vaults_room_corners, v_misc_1, special_room_vaults, v_misc_3
Vaults:2: vaults_room_stairs_pillars, nicolae_vaults_big_ls,
          grunt_vaults_trifunnel, hangedman_vaults_river_flow,
          nicolae_vaults_network_square
Vaults:3: ontoclasm_vaults_chip, nicolae_vaults_yaktaur_gun_rack,
          ontoclasm_vaults_ring_small, vaults_room_pools, vaults_room_octagon,
          nicolae_vaults_little_squares_2, v_misc_9, hangedman_vaults_stagger,
          v_rooms_3, nicolae_vaults_display_case, nicolae_vaults_back_hallway,
          minmay_crypt_entry_nasty_monster, ontoclasm_vaults_twist,
          nicolae_vaults_little_squares_3
Vaults:4: v_pattern_1, nicolae_vaults_puzzle_piece, v_misc_1,
          ontoclasm_vaults_ligature, nicolae_vaults_circle_grid_a,
          vaults_dpeg_cross, v_misc_24, v_misc_25, v_misc_30,
          hangedman_vaults_maws, serial_ice_b, nicolae_vaults_network_s,
          st_cells, v_misc_22, v_alt_pattern_1, vaults_room_stairs_pillars,
          uniq_xtahua
Depths:1: pan_entry, hell_entry, infiniplex_enter_wizlab_glasses,
          abyss_entry_flame_altar, minmay_misc_feat_enclosed,
          skrybe_limestone_x, dk_noncrumbling_2,
          eino_small_chamber_without_monster, grunt_decor_cap,
          nicolae_rare_books, grunt_megastairs_5
Depths:2: grunt_house_of_mirrors, minmay_misc_feat_more_columns, hell_entry,
          serial_shops, kennysheep_little_box, abyss_entry_small_statue_room,
          nicolae_two_hexagons, grunt_decor_resistance,
          minmay_misc_feat_ornament, minmay_shop_star
Depths:3: wad_arrow_thing, rand_demon_pan_entry_9, hell_entry, abyss_entry
Depths:4: evilmike_diamond_2, enter_ziggurat_d, hangedman_abyss_or_decor_stabs,
          hangedman_abyss_entry_splay, hell_entry
Depths:5: grunt_zot_entry_tricorne, nicolae_abyss_entry_one_way_or_another,
          grunt_metal_band, grunt_ministairs_3, uniq_margery
Zot:1:    nicolae_transmutations_shop
Trove:    trove_jewel_1
IceCv:    ice_cave_caverns_02
WizLab:   wizlab_cigotuvi

Skill      XL: |  1  2  3  4  5  6  7  8  9 10 11 12 13 14 15 16 17 18 19 20 21 22 23 24 25 |
---------------+----------------------------------------------------------------------------+-----
Axes           | 4 5 6 7 8 10 11 12 13 14 15 16 17 18 | 18.0
Shields        | 1 2 3 4 5 7 9 10 12 13 14 15 16 17 18 19 20 21 22 23 24 | 24.0
Fighting       | 4 5 6 7 8 9 11 12 13 14 15 16 17 19 20 21 22 24 25 26 | 26.1
Dodging        | 3 4 5 6 7 8 10 11 12 13 14 15 16 17 18 19 20 21 | 21.8
Armour         | 3 4 5 6 7 9 10 12 13 14 15 16 17 18 19 20 21 22 23 | 23.2
Stealth        | |  0.2

Action                   |  1- 3 |  4- 6 |  7- 9 | 10-12 | 13-15 | 16-18 | 19-21 | 22-24 | 25-27 || total
-------------------------+-------+-------+-------+-------+-------+-------+-------+-------+-------++-------
Melee: Hand axe          |    86 |   140 |   353 |   713 |       |       |       |       |       ||  1292
       Headbutt          |    17 |    23 |    71 |   224 |   435 |   576 |   440 |   625 |    97 ||  2508
       Unarmed           |       |       |       |    10 |     4 |       |       |       |       ||    14
       Club              |       |       |       |     8 |       |       |       |       |       ||     8
       War axe           |       |       |       |   107 |   279 |       |       |       |       ||   386
       Broad axe         |       |       |       |       |   942 |  1890 |  1330 |  1814 |   241 ||  6217
       Flail             |       |       |       |       |    75 |       |       |       |       ||    75
Invok: Berserk           |     2 |     6 |     5 |    17 |    11 |    22 |    17 |    15 |     1 ||    96
       Brothers in Arms  |       |       |       |       |       |       |    24 |    12 |     4 ||    40
       Trog's Hand       |       |       |       |       |       |       |       |     3 |     1 ||     4
 Abil: Evoke Flight      |       |       |       |     1 |     1 |       |       |       |       ||     2
  Use: Scroll            |       |     6 |     9 |    11 |     9 |    20 |     6 |    14 |       ||    75
       Potion            |       |       |       |     1 |     4 |     9 |    19 |    15 |     3 ||    51
 Stab: Petrified         |       |       |       |       |     3 |       |       |       |       ||     3
       Confused          |       |       |       |       |     4 |       |       |       |       ||     4
       Distracted        |       |       |       |       |     2 |       |     2 |     5 |       ||     9
       Petrifying        |       |       |       |       |     1 |       |       |       |       ||     1
  Eat: Chunk             |     4 |    12 |    11 |    21 |    30 |    36 |    28 |    39 |     6 ||   187
       Ration            |       |       |     3 |     6 |     6 |    12 |     9 |     9 |       ||    45
Armor: Animal skin       |    19 |     5 |       |       |       |       |       |       |       ||    24
       Chain mail        |       |    45 |   100 |   157 |   358 |   310 |   206 |   132 |       ||  1308
       Skin              |       |       |       |     2 |       |       |       |       |       ||     2
       Scale mail        |       |       |       |       |       |       |       |   230 |    40 ||   270
Dodge: Dodged            |    36 |    21 |    56 |   174 |   634 |   659 |   450 |   688 |   117 ||  2835
       Deflected         |       |       |       |       |    10 |    76 |    27 |    31 |     6 ||   150
Block: Large shield      |    41 |   107 |   310 |   702 |  1531 |  2175 |  1453 |  1865 |   279 ||  8463
       Reflection        |       |       |       |       |       |   195 |   122 |   118 |     5 ||   440

Table legend:
 A = Spawn XP
 B = Non-spawn XP
 C = Spawn XP percentage of total XP
 D = Spawn monster count
 E = Non-spawn monster count
 F = Spawn count percentage of total count
 G = Total turns spent on level
                    A         B        C        D         E        F      G
               +---------+---------+-------+---------+---------+-------+---------
         Total |    2348 | 1199539 |   0.2 |       4 |    2368 |   0.2 | 72620
               +---------+---------+-------+---------+---------+-------+---------
           D:1 |       0 |      42 |   0.0 |       0 |      20 |   0.0 |  1089
           D:2 |       0 |     182 |   0.0 |       0 |      33 |   0.0 |  1602
           D:3 |       0 |     157 |   0.0 |       0 |      23 |   0.0 |   761
           D:4 |       0 |     228 |   0.0 |       0 |      16 |   0.0 |   692
           D:5 |       0 |     728 |   0.0 |       0 |      28 |   0.0 |   800
           D:6 |       0 |     576 |   0.0 |       0 |      17 |   0.0 |   914
           D:7 |       0 |    1942 |   0.0 |       0 |      18 |   0.0 |  1450
           D:8 |       0 |    1941 |   0.0 |       0 |      28 |   0.0 |   988
           D:9 |       0 |    5197 |   0.0 |       0 |      67 |   0.0 |  1284
          D:10 |       0 |    6975 |   0.0 |       0 |      34 |   0.0 |  1686
          D:11 |       0 |    4332 |   0.0 |       0 |      41 |   0.0 |  1820
          D:12 |       0 |    2274 |   0.0 |       0 |      13 |   0.0 |  2014
          D:13 |       0 |   20954 |   0.0 |       0 |      64 |   0.0 |  1935
          D:14 |       0 |   19752 |   0.0 |       0 |      65 |   0.0 |  1972
          D:15 |       0 |   11927 |   0.0 |       0 |      21 |   0.0 |  1122
        Lair:1 |       0 |    2897 |   0.0 |       0 |      18 |   0.0 |   612
        Lair:2 |       0 |    7281 |   0.0 |       0 |      31 |   0.0 |  1029
        Lair:3 |       0 |    4089 |   0.0 |       0 |      13 |   0.0 |   815
        Lair:4 |       0 |   13504 |   0.0 |       0 |      79 |   0.0 |  1467
        Lair:5 |       0 |   14441 |   0.0 |       0 |      81 |   0.0 |  1210
        Lair:6 |       0 |   23220 |   0.0 |       0 |      80 |   0.0 |  2231
      Shoals:1 |       0 |   13497 |   0.0 |       0 |      28 |   0.0 |  2042
      Shoals:2 |       0 |   24866 |   0.0 |       0 |      33 |   0.0 |  1261
      Shoals:3 |       0 |    2323 |   0.0 |       0 |       3 |   0.0 |    99
      Shoals:4 |    1603 |   41238 |   3.7 |       2 |      67 |   2.9 |  2781
       Snake:1 |       0 |   13071 |   0.0 |       0 |      23 |   0.0 |  1241
       Snake:2 |       0 |   23084 |   0.0 |       0 |      35 |   0.0 |  2346
       Snake:3 |       0 |   19145 |   0.0 |       0 |      38 |   0.0 |  2216
       Snake:4 |       0 |   61559 |   0.0 |       0 |      97 |   0.0 |  1935
         Orc:1 |       0 |    5378 |   0.0 |       0 |      55 |   0.0 |   748
         Orc:2 |       0 |    8748 |   0.0 |       0 |      96 |   0.0 |  1244
         Elf:1 |       0 |   24121 |   0.0 |       0 |      41 |   0.0 |   987
         Elf:2 |       0 |   44368 |   0.0 |       0 |      63 |   0.0 |  1414
         Elf:3 |       0 |   44365 |   0.0 |       0 |      41 |   0.0 |  1964
      Vaults:1 |       0 |   47299 |   0.0 |       0 |     101 |   0.0 |  2055
      Vaults:2 |       0 |   46289 |   0.0 |       0 |      90 |   0.0 |  2422
      Vaults:3 |       0 |   56203 |   0.0 |       0 |     102 |   0.0 |  2571
      Vaults:4 |       0 |   72513 |   0.0 |       0 |      96 |   0.0 |  2297
      Vaults:5 |       0 |  167195 |   0.0 |       0 |     159 |   0.0 |  3513
      Depths:1 |       0 |   36869 |   0.0 |       0 |      59 |   0.0 |  1297
      Depths:2 |       0 |   62587 |   0.0 |       0 |      69 |   0.0 |  2223
      Depths:3 |       0 |   55870 |   0.0 |       0 |      54 |   0.0 |  1428
      Depths:4 |       0 |   53833 |   0.0 |       0 |      46 |   0.0 |  1531
      Depths:5 |       0 |   81516 |   0.0 |       0 |      71 |   0.0 |  2094
         Zot:1 |       0 |    7896 |   0.0 |       0 |       7 |   0.0 |    36
       Abyss:3 |     745 |     762 |  49.4 |       2 |       1 |  66.7 |   192
         IceCv |       0 |   12557 |   0.0 |       0 |      47 |   0.0 |  1543
        WizLab |       0 |   29748 |   0.0 |       0 |      56 |   0.0 |  1498
               +---------+---------+-------+---------+---------+-------+---------
